 Dungeon Crawl Stone Soup version 0.30-a0-1112-gfb780f5df6 (webtiles) character file.

Game seed: 17850560514416094348

413 qeuew the Ducker (level 7, -2/49 HPs)
             Began as a Djinni Hedge Wizard on Apr 19, 2023.
             Blown up by Ijyb (4 damage)
             ... with a mindburst bolt
             ... on level 4 of the Dungeon.
             The game lasted 00:06:24 (3709 turns).

qeuew the Ducker (Djinni Hedge Wizard)              Turns: 3709, Time: 00:06:24

Health: -2/49      AC:  5    Str:  9    XL:     7   Next: 14%
Gold:   222        EV: 12    Int: 22    God:
                   SH:  0    Dex: 12

rFire   + + .      SeeInvis .    d - +4 quick blade (venom)
rCold   x . .      Faith    .    (no shield)
rNeg    . . .      Spirit   .    g - +2 leather armour of Purpose {Int+4}
rPois   ∞          Reflect  .    c - +0 hat
rElec   .          Rampage  .    (no cloak)
rCorr   .                        (no gloves)
Will    .....                    (boots unavailable)
Stlth   +                        (no amulet)
HPRegen 0.28/turn                (no ring)
MPRegen 0.00/turn                (no ring)

@: flying
A: sickness immunity, fire resistance 2, cold vulnerability 1, float, innate
caster, HP casting, extra vitality 1
a: no special abilities


You were on level 4 of the Dungeon.
You visited 1 branch of the dungeon, and saw 4 of its levels.

You collected 222 gold pieces.

Inventory:

Hand Weapons
 d - a +4 quick blade of venom (weapon)
Armour
 c - a +0 hat (worn)
 g - the +2 leather armour of Purpose (worn) {Int+4}
   (You found it on level 2 of the Dungeon)

   Int:       It affects your intelligence (+4).
Scrolls
 e - a scroll of magic mapping
 f - a scroll of fog
 i - 3 scrolls of identify


   Skills:
 + Level 2.7 Fighting
 + Level 2.1 Short Blades
 + Level 2.8 Armour
 + Level 4.1 Dodging
 - Level 1.5 Stealth
 + Level 3.3 Spellcasting


You knew the following spells:

 Your Spells              Type           Power      Damage    Failure   Level
a - Magic Dart            Conj           72%        1d6       4%          1
b - Slow                  Hex            72%        N/A       4%          1
c - Blink                 Tloc           36%        N/A       6%          2
d - Call Imp              Summ           36%        N/A       6%          2
e - Mephitic Cloud        Conj/Pois/Air  18%        N/A       12%         3
f - Summon Small Mammal   Summ           72%        N/A       4%          1
g - Wereblood             Tmut           18%        N/A       6%          2
h - Confusing Touch       Hex            18%        N/A       12%         3
Your spell library was empty.

Dungeon Overview and Level Annotations

Branches:
Dungeon (4/15)
 Temple: D:4-7

Altars:

Shops:
D:4 =

Annotations:
D:4 Ijyb


Innate Abilities, Weirdness & Mutations

You are immune to sickness and miasma.
You are immune to poison.
Your flesh is very heat resistant. (rF++)
You are vulnerable to cold. (rC-)
You float through the air rather than walking.
You learn spells naturally, not from books.
Your magical power is your life essence.
You have superior vitality. (+4 MHP)


Message History

Confirm with . or Enter, or press ? or * to list all spells.
You don't know that spell.
Casting: Call Imp (safe; 6% risk of failure)
Confirm with . or Enter, or press ? or * to list all spells.
A tiny devil pulls itself out of the air.
* * * LOW HITPOINT WARNING * * *
Unknown command.
You swap places.
Ijyb closely misses you.
Your cerulean imp hits Ijyb but does no damage.
Unknown command.
Your cerulean imp barely misses Ijyb.
You hit Ijyb.
Ijyb is lightly wounded.
Ijyb closely misses you.
You hit Ijyb.
Ijyb is poisoned.
Ijyb is moderately wounded.
Your cerulean imp barely misses Ijyb.
Ijyb zaps a wand.
Your mind is blasted!
* * * LOW HITPOINT WARNING * * *
Unknown command.
You aren't carrying any potions.
You hit Ijyb.
Ijyb looks as sick as possible!
Ijyb is heavily wounded.
Unknown command.
Okay, then.
You completely miss Ijyb.
Ijyb is heavily wounded.
Your cerulean imp closely misses Ijyb.
Ijyb hits you with a +0 club.
* * * LOW HITPOINT WARNING * * *
You barely miss Ijyb.
Ijyb is severely wounded.
Your cerulean imp hits Ijyb but does no damage.
Unknown command.
You closely miss Ijyb.
Ijyb is severely wounded.
Ijyb completely misses you.
Unknown command.
You barely miss Ijyb.
Ijyb is severely wounded.
Your cerulean imp closely misses Ijyb.
Ijyb zaps a wand.
Your mind is blasted!
You die...

.....♣...♣...########.##
♣..∩..♣........#########
#.♣...♣...#####.#....†>.)
#..♣.♣...## #...#######
#...♣....# #####
#.........# #..§.#...5#
##§.§####g# #§§.§ #@#
§§§. #.# ..§ #.#


gl. ..# ..# §..# §### # You could see Ijyb (extremely poisoned, ally target) and
a friendly cerulean imp (summoned).

Vanquished Creatures
  A scorpion (D:3)
  2 hounds (D:3)
  2 iguanas (D:4)
  An orc wizard (D:4)
  2 gnolls (D:3)
  2 adders (D:3)
  3 orcs (D:4)
  9 endoplasms
  A giant cockroach (D:3)
  8 goblins
  6 hobgoblins
  3 kobolds
  4 quokkas
  5 ball pythons
  4 bats (D:1)
  4 frilled lizards
  7 rats
64 creatures vanquished.

Vanquished Creatures (collateral kills)
  An ogre (D:4)
  2 gnolls (D:3)
  A worm (D:4)
  A rat (D:3)
5 creatures vanquished.

Vanquished Creatures (others)
  2 plants (D:1)
2 creatures vanquished.

Grand Total: 71 creatures vanquished

Notes
Turn   | Place    | Note
-------+----------+-------------------------------------------
     0 | D:1      | qeuew the Djinni Hedge Wizard began the quest for the Orb.
     0 | D:1      | qeuew set off with the following spells memorised: Magic
                  | Dart, Slow, Blink, Call Imp, Mephitic Cloud.
     0 | D:1      | Reached XP level 1. HP: 15/15 MP: 0/0
   132 | D:1      | Reached XP level 2. HP: 17/22 MP: 0/0
   621 | D:1      | Reached skill level 1 in Armour
   635 | D:1      | Reached XP level 3. HP: 24/26 MP: 0/0
   635 | D:1      | Learned a level 1 spell: Summon Small Mammal
   648 | D:1      | Reached skill level 1 in Fighting
  1210 | D:2      | Identified the +2 leather armour of Purpose {Int+4}
  1962 | D:2      | Identified a scroll of acquirement
  1962 | D:2      | Acquired a +3 quick blade of venom
  2239 | D:3      | Reached skill level 3 in Dodging
  2239 | D:3      | Reached XP level 4. HP: 18/32 MP: 0/0
  2392 | D:3      | Reached skill level 1 in Short Blades
  2392 | D:3      | Reached XP level 5. HP: 34/38 MP: 0/0
  2392 | D:3      | Learned a level 2 spell: Wereblood
  2609 | D:3      | Reached XP level 6. HP: 41/43 MP: 0/0
  3417 | D:4      | Found Ugol Vik's Jewellery Emporium.
  3461 | D:4      | Noticed Ijyb
  3467 | D:4      | Noticed an ogre
  3473 | D:4      | HP: 1/45 [disintegration (15)]
  3519 | D:4      | Killed an ogre
  3520 | D:4      | Reached skill level 4 in Dodging
  3520 | D:4      | Reached XP level 7. HP: 15/49 MP: 0/0
  3520 | D:4      | Learned a level 3 spell: Confusing Touch
  3706 | D:4      | HP: 2/49 [Ijyb/+0 club (2)]
  3709 | D:4      | Blown up by Ijyb

Illustrated notes

Levels and vault maps discovered:
D:1:      tarquinn_simple_flora_water_e, layout_loops_corners,
          hangedman_decor_clover_reticule, minmay_pentomino_t2
D:2:      layout_loops_corners
D:3:      layout_basic
D:4:      layout_loops_ring, gammafunk_temple_overflow_arena,
          nicolae_dithmenos_the_darkroom, minmay_temple_entry_proselytizer,
          serial_shops, nicolae_diamond_shop, minmay_misc_feat_columns,
          minmay_fire_ice_demons, uniq_ijyb

Skill      XL: |  1  2  3  4  5  6 |
---------------+-------------------+-----
Armour         | 1 2 |  2.8
Fighting       | 1 2 |  2.7
Dodging        | 3 4 |  4.1
Short Blades   | 1 2 |  2.1
Spellcasting   | 3 |  3.3
Stealth        | |  1.5

Action                     |  1- 3 |  4- 6 |  7- 9 || total
---------------------------+-------+-------+-------++-------
  Melee: Quick blade       |     7 |    33 |     7 ||    47
   Cast: Magic Dart        |    96 |    53 |    12 ||   161
         Summon Small Mamm |       |     4 |       ||     4
         Call Imp          |       |     4 |     2 ||     6
         Mephitic Cloud    |       |     1 |       ||     1
    Use: Scroll            |     5 |     2 |       ||     7
         Potion            |     3 |     1 |       ||     4
 Armour: Robe              |     5 |       |       ||     5
         Leather armour    |     6 |     6 |       ||    12
  Dodge: Dodged            |    14 |    26 |     6 ||    46

Table legend: (Time is in decaauts)
 A = Elapsed time spent in this place.
 B = Non-inter-level travel time spent in this place.
 C = Inter-level travel time spent in this place.
 D = Time resting spent in this place.
 E = Time spent auto-exploring this place.
 F = Levels seen in this place.
 G = Mean time per level.
                   A        B        C        D        E       F      G
               +--------+--------+--------+--------+--------+-----+--------+
         Total |   3693 |   3478 |    215 |      3 |   3054 |   4 |  923.2 |
       Dungeon |   3693 |   3478 |    215 |      3 |   3054 |   4 |  923.2 |
               +--------+--------+--------+--------+--------+-----+--------+

Top non-repeatable levels by time:
     D:1: 1086 daAuts
     D:3: 1060 daAuts
     D:2: 1004 daAuts
     D:4: 542 daAuts
